 Dungeon Crawl Stone Soup version 0.30.0-5-g1a98f26d00 (webtiles) character file.

Game seed: 17314870884987856566

52 McKennaii the Conjurer (level 3, -3/26 HPs)
             Began as a Demigod Conjurer on May 10, 2023.
             Succumbed to Robin's poison
             ... on level 3 of the Dungeon.
             The game lasted 00:01:09 (1556 turns).

McKennaii the Conjurer (Demigod Conjurer)           Turns: 1556, Time: 00:01:10

Health: -3/26      AC:  2    Str:  8    XL:     3   Next: 39%
Magic:  4/9        EV: 12    Int: 24    God:
Gold:   27         SH:  0    Dex: 12    Spells: 6/7 levels left

rFire   . . .        f - +1 dagger (elec)
rCold   . . .        (no shield)
rNeg    . . .        a - +0 robe
rPois   .            (no helmet)
rElec   .            (no cloak)
rCorr   .            (no gloves)
SInv    .            (no boots)
Will    +....        (no amulet)
Stlth   ++           k - ring of willpower
HPRegen 0.24/turn    (no ring)
MPRegen 0.11/turn

%: no passive effects
@: lethally poisoned (-3 -> -31)
A: high MP 1, forlorn, divine attributes
a: no special abilities


You were on level 3 of the Dungeon.
You visited 1 branch of the dungeon, and saw 3 of its levels.

You collected 27 gold pieces.

Inventory:

Hand Weapons
 f - a +1 dagger of electrocution (weapon)
Armour
 a - a +0 robe (worn)
Jewellery
 k - a ring of willpower (left hand)
Scrolls
 c - a scroll of magic mapping {unknown}
 e - a scroll of blinking {unknown}
 g - a scroll of immolation {unknown}
 h - a scroll of teleportation {unknown}
 i - 2 scrolls of identify {unknown}
Potions
 b - a potion of magic
 d - a potion of heal wounds {unknown}
 j - a potion of curing {unknown}


   Skills:
 - Level 1.7 Dodging
 - Level 1.7 Stealth
 + Level 2.7 Spellcasting
 + Level 4.3 Conjurations


You had 6 spell levels left.
You knew the following spells:

 Your Spells              Type           Power      Damage    Failure   Level
a - Magic Dart            Conj           92%        1d7       1%          1

Your spell library contained the following spells:

 Spells                   Type           Power      Damage    Failure   Level
 Searing Ray              Conj           46%        2d6       3%          2
 Dazzling Flash           Conj/Hex       26%        N/A       14%         3
 Fulminant Prism          Conj/Hex       6%         3d6       43%         4
 Iskenderun's Mystic Bla  Conj/Tloc      13%        2d5       43%         4


Dungeon Overview and Level Annotations

Branches:
Dungeon (3/15)

Annotations:
D:2 Robin


Innate Abilities, Weirdness & Mutations

You have an increased reservoir of magic. (+10% MP)
You shall have no god before yourself.
Your divine heritage dramatically boosts your attributes as you level up.


Message History

You can't see any susceptible monsters within range! (Use Z to cast anyway.)
You can't see any susceptible monsters within range! (Use Z to cast anyway.)
You can't see any susceptible monsters within range! (Use Z to cast anyway.)
You start resting.
HP restored.
You start resting.
Magic restored.
You can't go down here!
You climb upwards.
Level annotation: Robin Robin barely misses you.
There is a stone staircase leading down, spattered with blood here.
The magic dart hits Robin but does no damage.
Robin roars a battlecry!
The goblin goes into a battle-frenzy!
The magic dart hits Robin.
Robin is lightly wounded.
Robin hits you but does no damage.
You are poisoned.
The magic dart hits Robin.
Robin is moderately wounded.
You feel sick.
Robin hits you from afar with a +1 spear of venom.
You are more poisoned.
The magic dart hits Robin but does no damage.
Robin is moderately wounded.
You feel very sick. Robin throws the goblin at you!
The magic dart hits the goblin.
You kill the goblin!
You feel very sick. Robin hits you but does no damage.
You are lethally poisoned!
You can't go up here!
You feel very sick.
Robin hits you from afar with a +1 spear of venom.
* * * LOW HITPOINT WARNING * * *
You are more poisoned.
You climb downwards.
You die...

?.#+#.## #
......# #.
$.##.#
.####.##.###
..........
........
#.#.##.#
.#.#.##.#)##.#
........))@..#
##.#.#[##.####
#. #.# .. ...
.....###
#..... #.....
#.....


There were no monsters in sight!

Vanquished Creatures
  An adder (D:2)
  2 dart slugs
  An endoplasm (D:1)
  15 goblins
  3 hobgoblins
  5 quokkas
  2 ball pythons (D:1)
  2 bats
  2 frilled lizards (D:1)
  2 kobolds (D:1)
  A rat (D:1)
36 creatures vanquished.

Notes
Turn   | Place    | Note
-------+----------+-------------------------------------------
     0 | D:1      | McKennaii the Demigod Conjurer began the quest for the Orb.
     0 | D:1      | Reached XP level 1. HP: 14/14 MP: 5/5
   390 | D:1      | Reached XP level 2. HP: 11/20 MP: 1/7
   691 | D:1      | Reached skill level 4 in Conjurations
  1330 | D:2      | Reached XP level 3. HP: 26/26 MP: 2/9
  1406 | D:2      | Noticed Robin
  1556 | D:3      | Succumbed to Robin's poison

Illustrated notes

Levels and vault maps discovered:
D:1:      giann_forest_graveyard, layout_basic
D:2:      layout_basic, shapermc_ecumenical_altar_flowoftime, basic_altar,
          uniq_robin
D:3:      layout_loops_cross, mainiacjoe_overflow_surrounded_room,
          uniq_crazy_yiuf_cottage, uniq_natasha, uniq_grinder

Skill      XL: |  1  2 |
---------------+-------+-----
Spellcasting   | 2 |  2.7
Conjurations   | 4 |  4.3
Dodging        | |  1.7
Stealth        | |  1.7

Action                     || total
---------------------------++-------
  Melee: Unarmed           ||     4
         Dagger            ||     5
   Cast: Magic Dart        ||    71
 Armour: Robe              ||    13
  Dodge: Dodged            ||    29
